Map: Romanticide LE

Players

Armani - Winner!

  • Race: Zerg Zerg

Neeb

  • Race: Protoss Protoss

Event: TSL 7

VOD

Have the link to the VOD?

Description

Time

  • Played on: June 19, 2021, 11:29 a.m.
  • Length: 11:25

All games in this series

Show
View Real Time Build Order
Export as new Build Order

Armani Zerg - Winner!

Build Orders: Hatch First 

Get SALT Encoding   

  12  0:00  Drone  
  13  0:13  Overlord  
  13  0:17  Drone  
  14  0:31  Drone  
  14  0:32  Drone  
  16  0:48  Hatchery  
  15  0:53  Drone  
  15  0:56  Drone  
  17  0:59  Drone  
  18  1:07  Extractor  
  17  1:14  Spawning Pool  
  17  1:18  Drone  
  17  1:21  Drone  
  18  1:28  Drone  
  19  1:41  Drone  
  20  1:51  Drone  
  21  2:01  Queen x2  
  21  2:02  Zergling x2  
  21  2:03  Overlord  
  26  2:08  Metabolic Boost  
  26  2:12  Drone  
  27  2:16  Drone  
  27  2:22  Drone  
  29  2:24  Drone  
  30  2:34  Hatchery  
  29  2:37  Drone  
  29  2:43  Queen  
  32  2:48  Overlord  
  32  2:53  Zergling x4  
  32  2:57  Zergling x2  
  35  3:01  Drone  
  35  3:05  Overlord  
  36  3:10  Drone x3  
  36  3:11  Drone  
  40  3:17  Overlord  
  40  3:19  Drone  
  38  3:29  Drone, Spore Crawler  
  38  3:32  Drone  
  39  3:43  Queen  
  39  3:46  Spore Crawler  
  39  3:47  Drone x5  
  45  3:51  Drone x2  
  47  3:56  Queen  
  49  4:05  Drone  
  49  4:06  Drone  
  52  4:10  Drone x3, Evolution Chamber  
  52  4:13  Drone  
  52  4:14  Drone  
  55  4:19  Overlord  
  54  4:26  Drone x3  
  57  4:31  Zergling x6  
  57  4:32  Zergling x2  
  57  4:35  Drone  
  57  4:37  Zerg Melee Weapons Level 1, Spore Crawler  
  61  4:40  Drone  
  61  4:41  Drone  
  63  4:52  Drone  
  60  4:53  Drone x5  
  60  4:57  Extractor  
  60  4:58  Baneling Nest  
  62  5:00  Drone x3  
  62  5:03  Overlord  
  62  5:05  Overlord  
  65  5:09  Overlord  
  65  5:13  Lair  
  65  5:17  Overlord  
  65  5:24  Drone x4  
  65  5:26  Zergling x6  
  65  5:28  Drone x3  
  75  5:31  Extractor  
  75  5:33  Extractor  
  73  5:36  Queen x2  
  73  5:42  Drone x4  
  81  5:47  Drone x4  
  81  5:48  Drone  
  86  5:54  Extractor x2  
  86  5:56  Drone x2  
  86  5:57  Overlord  
  86  5:58  Overlord  
  86  6:00  Overlord  
  86  6:02  Drone x2  
  88  6:11  Hatchery  
  88  6:18  Spire  
  84  6:19  Drone  
  84  6:22  Drone, Hydralisk Den  
  84  6:23  Drone x5  
  84  6:24  Zergling x2  
  84  6:25  Overseer  
  91  6:26  Zergling x2  
  91  6:28  Zergling x2  
  91  6:32  Overseer  
  93  6:34  Zerg Melee Weapons Level 2  
  93  6:35  Drone  
  93  6:39  Queen  
  90  6:54  Drone x2  
  90  6:57  Zergling x20  
  97  7:06  Overlord  
  93  7:13  Overlord  
  93  7:15  Overlord  
  91  7:30  Extractor  
  91  7:32  Mutalisk x8  
  91  7:34  Zergling x10  
  111  7:41  Mutalisk  
  110  7:50  Mutalisk x2  
  114  7:53  Extractor x2  
  114  7:54  Zergling x4  
  114  8:01  Mutalisk  
  114  8:03  Mutalisk  
  114  8:05  Drone  
  119  8:06  Drone x4  
  119  8:11  Mutalisk  
  125  8:14  Zergling x4  
  127  8:23  Overlord x4  
  127  8:26  Overlord  
  127  8:27  Overlord  
  125  8:36  Mutalisk  
  125  8:38  Overlord  
  127  8:41  Overlord  
  127  8:42  Mutalisk  
  127  8:43  Mutalisk x4  
  127  8:45  Zergling x22  
  127  8:47  Pneumatized Carapace, Overseer  
  148  8:54  Mutalisk  
  150  9:00  Mutalisk  
  150  9:02  Zergling x14  
  158  9:05  Zerg Flyer Weapons Level 1  
  158  9:13  Mutalisk x2  
  158  9:14  Overlord  
  162  9:21  Mutalisk x2  
  165  9:33  Mutalisk x2  
  167  9:41  Baneling x8  
  167  9:45  Mutalisk  
  167  9:48  Zergling x36  
  170  10:10  Mutalisk x5  
  166  10:14  Zergling x22  
  171  10:25  Drone x4  
  166  10:32  Mutalisk x4  
  166  10:34  Zergling x6  
  166  10:48  Mutalisk x3  
  146  11:04  Drone x2  
  140  11:14  Hatchery  
Show
View Real Time Build Order
Export as new Build Order

Neeb Protoss 

Build Orders: 1 Gate Expand, Oracle Opening 

Get SALT Encoding   

  12  0:00  Probe  
  13  0:12  Probe  
  14  0:19  Pylon  
  14  0:24  Probe  
  14  0:27  Assimilator  
  15  0:37  Probe (Chrono Boost)  
  16  0:44  Gateway  
  16  0:49  Probe (Chrono Boost)  
  17  0:53  Probe (Chrono Boost)  
  18  1:04  Probe  
  19  1:16  Probe  
  20  1:22  Nexus  
  20  1:32  Cybernetics Core  
  20  1:35  Probe  
  20  1:39  Assimilator  
  22  1:47  Probe  
  22  1:49  Pylon  
  22  1:59  Probe (Chrono Boost)  
  23  2:05  Adept (Chrono Boost)  
  24  2:09  Warp Gate  
  24  2:10  Probe (Chrono Boost)  
  24  2:14  Probe (Chrono Boost)  
  27  2:23  Stargate  
  27  2:25  Probe  
  27  2:27  Adept (Chrono Boost)  
  30  2:34  Probe  
  31  2:37  Probe  
  32  2:46  Probe  
  32  2:48  Adept (Chrono Boost)  
  32  2:49  Probe  
  37  2:58  Probe  
  37  3:01  Probe  
  37  3:02  Pylon  
  38  3:06  Oracle  
  38  3:10  Probe  
  42  3:14  Gateway  
  42  3:16  Probe  
  43  3:23  Probe  
  44  3:28  Probe  
  45  3:35  Probe, Pylon, Void Ray (Chrono Boost)  
  45  3:40  Probe  
  47  3:45  Assimilator  
  47  3:46  Assimilator  
  47  3:47  Probe  
  52  3:50  Pylon  
  52  3:52  Probe  
  53  3:59  Probe, Adept  
  56  4:04  Probe  
  56  4:08  Void Ray (Chrono Boost)  
  57  4:11  Adept  
  57  4:12  Probe  
  57  4:16  Probe  
  65  4:24  Probe  
  66  4:28  Nexus  
  66  4:30  Probe  
  67  4:35  Pylon  
  67  4:36  Probe  
  68  4:43  Probe  
  69  4:48  Void Ray (Chrono Boost)  
  69  4:52  Probe  
  70  4:55  Probe  
  70  4:56  Shield Battery  
  70  4:59  Pylon  
  75  5:01  Sentry  
  75  5:04  Probe, Forge  
  78  5:07  Twilight Council  
  78  5:08  Pylon  
  78  5:18  Probe x2 (Chrono Boost)  
  78  5:19  Pylon  
  78  5:21  Void Ray  
  80  5:22  Pylon  
  84  5:29  Sentry  
  84  5:30  Probe (Chrono Boost), Sentry  
  84  5:34  Robotics Facility  
  84  5:35  Probe (Chrono Boost)  
  90  5:38  Probe (Chrono Boost)  
  90  5:41  Probe (Chrono Boost)  
  92  5:43  Probe  
  92  5:45  Charge  
  92  5:47  Probe  
  94  5:51  Protoss Ground Weapons Level 1 (Chrono Boost)  
  94  5:52  Probe, Assimilator  
  94  5:53  Assimilator  
  95  5:58  Gateway  
  95  5:59  Probe  
  97  6:04  Probe  
  97  6:05  Gateway  
  97  6:06  Dark Shrine  
  97  6:08  Probe  
  98  6:11  Probe  
  98  6:16  Probe  
  100  6:21  Probe  
  100  6:22  Observer, Pylon  
  102  6:26  Gateway  
  102  6:27  Gateway  
  102  6:29  Gateway  
  102  6:31  Gateway  
  102  6:36  Probe  
  103  6:45  Protoss Air Weapons Level 1  
  103  6:48  Immortal  
  103  6:51  Nexus  
  103  6:53  Probe x3  
  110  6:54  Pylon  
  108  7:05  Probe x3  
  105  7:11  Gateway  
  105  7:17  Probe x3  
  105  7:18  Robotics Bay  
  105  7:21  Robotics Facility  
  108  7:23  Photon Cannon  
  108  7:24  Shield Battery  
  108  7:29  Probe x2  
  108  7:30  Zealot x6  
  108  7:31  Zealot  
  115  7:39  Probe  
  115  7:42  Probe  
  115  7:43  Probe  
  115  7:47  Dark Templar  
  115  7:50  Protoss Ground Weapons Level 2 (Chrono Boost)  
  115  7:51  Probe  
  118  7:55  Sentry x3  
  118  7:56  Dark Templar x2  
  118  7:57  Dark Templar  
  132  7:59  Blink  
  132  8:02  Archon  
  132  8:05  Assimilator  
  130  8:06  Assimilator  
  136  8:13  Archon  
  136  8:14  Pylon  
  136  8:16  Zealot x2  
  136  8:19  Pylon  
  140  8:20  Phoenix (Chrono Boost)  
  140  8:21  Pylon  
  140  8:22  Pylon  
  140  8:24  Stalker x2  
  145  8:28  Stalker x2  
  145  8:31  Warp Prism  
  145  8:33  Probe x2  
  145  8:34  Probe x2  
  144  8:40  Photon Cannon  
  142  8:43  Photon Cannon  
  142  8:48  Shield Battery  
  142  8:53  Dark Templar x2  
  142  8:54  Dark Templar x2  
  147  8:57  Archon  
  147  9:04  Dark Templar x2  
  147  9:05  Stalker x3  
  147  9:08  Archon  
  155  9:24  Pylon  
  155  9:26  Pylon  
  155  9:28  Stalker x5  
  161  9:42  Archon  
  161  9:44  Dark Templar x4  
  169  9:48  Photon Cannon  
  169  9:49  Assimilator  
  169  9:51  Archon x2, Pylon  
  165  10:03  Probe  
  165  10:05  Probe  
  143  10:08  Zealot x3  
  143  10:09  Zealot x2  
  139  10:15  Probe  
  130  10:24  Probe  
  130  10:25  Probe  
  122  10:30  Stalker  
  122  10:32  Stalker  
  122  10:33  Stalker x5  
  122  10:34  Stalker x2  
  122  10:35  Probe  
  122  10:36  Probe x2  
  82  11:00  Dark Templar x2  
  82  11:02  Photon Cannon  
  82  11:03  Shield Battery  
  85  11:07  Archon  
  85  11:10  Photon Cannon  
Tags
 
Add a new tag
Caveats
  • Supply blocks, unpowered buildings, or Contaminate may cause inaccurate times.
  • Supply counts are checked every 10 seconds.